 Dungeon Crawl Stone Soup version 0.24-a0-170-gd8427f5 (webtiles) character file.

Game seed: 7309448409473527636

1761 XanderDroid the Cleaver (level 8, -4/73 HPs)
             Began as a Minotaur Berserker on Mar 8, 2019.
             Was a Priest of Trog.
             Slain by Borgoz's ghost (17 damage)
             ... on level 6 of the Dungeon.
             The game lasted 00:11:45 (4787 turns).

XanderDroid the Cleaver (Minotaur Berserker)        Turns: 4787, Time: 00:11:46

Health: -4/73      AC: 14    Str: 23    XL:     8   Next: 79%
Magic:  7/7        EV:  9    Int:  4    God:    Trog [***...]
Gold:   348        SH:  0    Dex: 11    Spells: 7/7 levels left

rFire    . . .     SeeInvis .   a - +2 hand axe (distort)
rCold    . . .     Gourm    .   (no shield)
rNeg     . . .     Faith    .   f - +0 plate armour
rPois    .         Spirit   .   (helmet restricted)
rElec    .         Reflect  .   e - +0 cloak
rCorr    .         Harm     .   (no gloves)
MR       .....                  (no boots)
Stlth    ..........             (no amulet)
HPRegen  0.22/turn              b - ring of stealth
MPRegen  0.10/turn              (no ring)

@: lethally poisoned (-4 -> -6), berserk cooldown, slowed, very slow
A: retaliatory headbutt, horns 2
a: Berserk, Trog's Hand, Renounce Religion


You were on level 6 of the Dungeon.
You worshipped Trog.
Trog was most pleased with you.
You were near starving.

You visited 2 branches of the dungeon, and saw 7 of its levels.

You collected 348 gold pieces.

Inventory:

Hand Weapons
 a - a +2 hand axe of distortion (weapon)
Missiles
 x - a throwing net (quivered)
Armour
 e - a +0 cloak (worn)
 f - a +0 plate armour (worn)
Jewellery
 b - a ring of stealth (left hand)
Wands
 z - a wand of iceblast (6)
Scrolls
 h - 5 scrolls of remove curse
 j - a scroll of magic mapping {unknown}
 n - a scroll of enchant weapon {unknown}
 o - a scroll of blinking
 p - a scroll of enchant armour {unknown}
 q - 3 scrolls of teleportation
 r - 6 scrolls of identify
 y - a scroll of immolation {unknown}
Potions
 d - a potion of ambrosia {unknown}
 g - a potion of berserk rage {unknown}
 i - a potion of flight {unknown}
 k - a potion of haste {unknown}
 l - 3 potions of heal wounds
 t - a potion of agility {unknown}
 u - a potion of curing {unknown}
 v - a potion of might {unknown}
Comestibles
 c - 8 rations


   Skills:
 + Level 7.1 Fighting
 * Level 9.3 Axes
 + Level 6.4 Armour
 + Level 5.9 Dodging


You had 7 spell levels left.
You didn't know any spells.
Your spell library was empty.

Dungeon Overview and Level Annotations

Branches:
Dungeon (6/15)             Temple (1/1) D:5

Altars:
Ashenzari
Cheibriados
Dithmenos
Elyvilon
Fedhas
Gozag
Hepliaklqana
Kikubaaqudgha
Makhleb
Nemelex Xobeh
Okawaru
Ru
Sif Muna
Trog
Uskayaw
Vehumet
Wu Jian
Xom
Zin
The Shining One

Annotations:
D:6 1 transporter, Borgoz's ghost, novice GrGl
Abyss:1 Crazy Yiuf


Innate Abilities, Weirdness & Mutations

You reflexively headbutt those who attack you in melee.
You have a pair of horns on your head.


Message History

You feel sick.
The gnoll zaps a wand.
You are blasted!
* * * LOW HITPOINT WARNING * * *
There is an open translucent door here.
You feel sick.
The gnoll zaps a wand.
You struggle to resist.
The gnoll misses you.
The gnoll sergeant shouts!
You slash the gnoll!
Space bends around the gnoll.
The gnoll is severely wounded.
You hit the plant.
The plant is devoured by a tear in reality.
You feel sick. The gnoll barely misses you.
You slash the gnoll!
You kill the gnoll!
Trog accepts your kill.
You feel sick.
Borgoz's ghost hits you but does no damage.
Borgoz's ghost hits you.
* * * LOW HITPOINT WARNING * * *
You are electrocuted!
You die...

≈≈≈≈≈≈≈≈≈≈≈...≈≈≈≈≈≈≈≈≈≈≈..# #
≈≈≈≈≈≈≈≈≈≈≈(..≈≈≈≈≈≈≈≈≈≈≈..######
≈≈#####...........#####≈≈........
≈≈#g8g#.###.©.###.#.8.#≈≈..######
≈≈#..g###©#####.###...#≈≈..# #
≈≈###...............###≈≈..# ##
≈≈.8#.######)###'##.#8.≈≈.## ##.
≈≈.##.#$$W#8.g#..)#.##.≈≈.# ##..
≈≈.#W.'$.:#⌠©)g.@.'..#.≈≈.# ##...
≈≈.##g#$.=#8.)#W.§#.##.≈≈.# #....
≈≈.8#.######'###§##.#8.≈≈.# #....
≈≈###...............###≈≈.###....
≈≈#gg.###.#####.###...#≈≈...'....
≈≈#g8.#.###.©.###.#.8.#≈≈...'...(
≈≈#####.[.........#####≈≈.#.#....
≈≈≈≈≈≈≈≈≈≈≈≈≈≈≈≈≈≈≈≈≈≈≈≈≈.#.#....
≈≈≈≈≈≈≈≈≈≈≈≈≈≈≈≈≈≈≈≈≈≈≈≈≈...#....


You could see a gnoll sergeant, Borgoz's ghost and a gnoll.

Vanquished Creatures
  Pikel (D:6)
  Duvessa (D:5)
  3 ogres
  4 slaves (D:6)
  2 centaurs (D:6)
  A gnoll sergeant (D:6)
  Dowan (D:5)
  A scorpion (D:3)
  A howler monkey (D:5)
  2 crimson imps (D:5)
  A jelly (D:6)
  A hound (D:5)
  2 worker ants
  4 gnolls (D:6)
  13 adders
  An ooze (D:3)
  A worm (D:2)
  2 dart slugs
  5 leopard geckos
  3 orcs
  8 bats
  4 giant cockroaches
  9 goblins
  3 hobgoblins
  7 jackals
  6 kobolds
  A quokka (D:6)
  A ball python (D:3)
  5 frilled lizards
  A jackal skeleton (D:4)
  A quokka skeleton (D:6)
  3 rats
  3 fungi (D:3)
102 creatures vanquished.

Vanquished Creatures (others)
  A sky beast (D:6)
  An ogre (D:6)
  A gnoll shaman (D:6)
  2 worker ants
  A leopard gecko (D:3)
  A jackal (D:5)
  6 plants (D:6)
13 creatures vanquished.

Grand Total: 115 creatures vanquished

Notes
Turn   | Place    | Note
-------+----------+-------------------------------------------
     0 | D:1      | XanderDroid the Minotaur Berserker began the quest for the
                  | Orb.
     0 | D:1      | Reached XP level 1. HP: 19/19 MP: 0/0
   502 | D:1      | Reached XP level 2. HP: 25/27 MP: 1/1
   520 | D:1      | Reached skill level 4 in Axes
  1108 | D:2      | Found a glowing silver altar of Zin.
  1185 | D:2      | Reached XP level 3. HP: 32/33 MP: 2/2
  1407 | D:2      | Found a shattered altar of Ashenzari.
  1501 | D:2      | Found an iron altar of Okawaru.
  1555 | D:3      | Reached ** piety under Trog
  1669 | D:3      | Noticed a scorpion
  1672 | D:3      | Killed a scorpion
  1672 | D:3      | Reached XP level 4. HP: 32/41 MP: 3/3
  1678 | D:3      | Reached skill level 5 in Axes
  1805 | D:3      | Reached XP level 5. HP: 25/47 MP: 4/4
  2381 | D:3      | Found a sacrificial altar of Ru.
  2448 | D:3      | Found a runed translucent door.
  2449 | D:3      | Noticed Crazy Yiuf
  2454 | D:3      | Banished Crazy Yiuf
  2849 | D:5      | Entered Level 5 of the Dungeon
  2908 | D:5      | Reached XP level 6. HP: 55/55 MP: 5/5
  2957 | D:5      | Reached skill level 5 in Fighting
  2957 | D:5      | Reached skill level 6 in Axes
  3133 | D:5      | Noticed Duvessa
  3139 | D:5      | Killed Duvessa
  3139 | D:5      | Reached XP level 7. HP: 61/61 MP: 6/6
  3141 | D:5      | Noticed Dowan
  3156 | D:5      | Killed Dowan
  3348 | D:5      | Found a staircase to the Ecumenical Temple.
  3367 | D:5      | Reached skill level 7 in Axes
  3389 | Temple   | Entered the Ecumenical Temple
  3829 | D:6      | Reached skill level 5 in Armour
  4092 | D:6      | Reached skill level 8 in Axes
  4092 | D:6      | Reached skill level 5 in Dodging
  4092 | D:6      | Reached XP level 8. HP: 68/70 MP: 7/7
  4152 | D:6      | Reached *** piety under Trog
  4213 | D:6      | Found a transporter.
  4219 | D:6      | Found a transporter.
  4222 | D:6      | Noticed Borgoz's ghost (novice GrGl)
  4248 | D:6      | Identified the +0 buckler of the Hot Ocelot {Str+3}
  4303 | D:6      | Found a white marble altar of Elyvilon.
  4306 | D:6      | Found a deep blue altar of Sif Muna.
  4440 | D:6      | Noticed Pikel
  4627 | D:6      | Killed Pikel
  4627 | D:6      | Reached skill level 9 in Axes
  4787 | D:6      | Slain by Borgoz's ghost

Levels and vault maps discovered:
D:1:      minmay_arrival_nine_rooms, layout_basic
D:2:      layout_rooms, lemuel_round_altar, zin_treasury, lemuel_doored_altar
D:3:      layout_basic, hangedman_ru_absence, first_ration, minmay_unequal,
          uniq_crazy_yiuf_cottage
D:4:      layout_rooms
D:5:      layout_gridville, minmay_temple_entry_stoned_glass, uniq_duvessa
D:6:      kennysheep_big_flooded_room, layout_basic, lemuel_crystal_altar,
          gammafunk_ghost_gnarly_gnolls, basic_altar, uniq_pikel
Temple:   eino_wide_crystal_templ

Skill      XL: |  1  2  3  4  5  6  7  8 |
---------------+-------------------------+-----
Axes           | 4 5 6 8 9 |  9.3
Fighting       | 4 5 6 7 |  7.1
Armour         | 3 4 5 6 |  6.4
Dodging        | 3 4 5 |  5.9

Action                   |  1- 3 |  4- 6 |  7- 9 || total
-------------------------+-------+-------+-------++-------
Melee: Hand axe          |    86 |   100 |   104 ||   290
       Headbutt          |    13 |    12 |    15 ||    40
Invok: Berserk           |       |     1 |     2 ||     3
  Use: Scroll            |     1 |     2 |     5 ||     8
  Eat: Chunk             |     2 |     5 |     6 ||    13
Armor: Ring mail         |     9 |       |       ||     9
       Animal skin       |     1 |       |       ||     1
       Plate armour      |    39 |    43 |    45 ||   127
Dodge: Dodged            |    49 |    29 |    42 ||   120

Table legend:
 A = Non-vault XP
 B = Vault XP
 C = Vault XP percentage of total XP
 D = Non-vault monster count
 E = Vault monster count
 F = Vault count percentage of total count
                 A         B        C        D         E       F
            +---------+---------+-------+---------+---------+-------
      Total |    1265 |    1252 |  49.7 |      88 |      15 |  14.6
            +---------+---------+-------+---------+---------+-------
        D:1 |      18 |       0 |   0.0 |      10 |       0 |   0.0
        D:2 |      36 |       0 |   0.0 |      19 |       0 |   0.0
        D:3 |     211 |      34 |  13.9 |      24 |       4 |  14.3
        D:4 |      63 |       0 |   0.0 |       5 |       0 |   0.0
        D:5 |     375 |     218 |  36.8 |      12 |       2 |  14.3
        D:6 |     562 |    1000 |  64.0 |      18 |       9 |  33.3
            +---------+---------+-------+---------+---------+-------
